 Dungeon Crawl Stone Soup version 0.16-a0-3596-g438c78e (webtiles) character file.

20 Kemay the Changer (level 2, 0/18 HPs)
             Began as an Octopode Transmuter on Jan 12, 2015.
             Slain by a worm (11 damage)
             ... on level 2 of the Dungeon.
             The game lasted 00:03:23 (1276 turns).

Kemay the Changer (Octopode Transmuter)             Turns: 1276, Time: 00:03:23

Health: 0/18       AC:  1    Str:  9    XL:     2   Next: 79%
Magic:  13/13      EV: 12    Int: 15    God:
Gold:   126        SH:  0    Dex: 12    Spells: 1 memorised, 4 levels left

rFire  . . .     SeeInvis .       - Unarmed
rCold  . . .     Clarity  .     (no shield)
rNeg   . . .     SustAb   .     (helmet restricted)
rPois  .         Gourm    .     (no amulet)
rElec  .         Spirit   .     e - ring of magical power
rCorr  .         Warding  .     (no ring)
rMut   .         Stasis   .     (no ring)
MR     .....                    (no ring)
Stlth  ++........               (no ring)
                                (no ring)
                                (no ring)
                                (no ring)

@: appendage, not resistant to hostile enchantments, unstealthy
A: almost no armour, amphibious, 8 rings, constrict 8, tentacle spike 3,
camouflage 1, gelatinous body 1
a: End Transformation


You were on level 2 of the Dungeon.
You were not hungry.
One of your tentacles had a temporary spike.
You visited 1 branch of the dungeon, and saw 2 of its levels.

You collected 126 gold pieces.

Inventory:

Jewellery
 e - a ring of magical power (left tentacle)
 g - an uncursed ring of fire
Potions
 c - a potion of resistance
 i - 2 potions of agility
 j - a potion of invisibility {unknown}
Books
 d - a book of Changes

   Spells                             Type                      Level
   a - Beastly Appendage              Transmutation                1
   b - Sticks to Snakes               Transmutation                2
   c - Spider Form                    Transmutation/Poison         3
   d - Ice Form                       Ice/Transmutation            4
   e - Blade Hands                    Transmutation                5
Comestibles
 a - 2 bread rations
 f - 2 meat rations
 h - 2 chunks of flesh


   Skills:
 - Level 1.0 Fighting
 - Level 2.0 Dodging
 - Level 3.0 Unarmed Combat
 - Level 2.0 Spellcasting
 + Level 3.2 Transmutations


You had 4 spell levels left.
You knew the following spells:

 Your Spells              Type           Power        Failure   Level  Hunger
a - Beastly Appendage     Trmt           ##....       8%          1    #......


Dungeon Overview and Level Annotations

Branches:
Dungeon (2/15)

Altars:
The Shining One


Innate Abilities, Weirdness & Mutations

You cannot wear most types of armour.
You are amphibious.
You can wear up to eight rings at the same time.
You can use your tentacles to constrict many enemies at once.
Your skin changes colour to match your surroundings (Stealth).
Your rubbery body absorbs attacks (AC +1).
One of your tentacles bears a large vicious spike.


Message History

c - a potion of resistance You open the door.
There is an open door here.
A worm comes into view.
Casting: Beastly Appendage
Confirm with . or Enter, or press ? or * to list all spells.
One of your tentacles grows a vicious spike.
You barely miss the worm. Your grab misses the worm. The worm bites you.
You barely miss the worm. You grab the worm. You constrict the worm.
You tentacle-slap the worm.
The worm is moderately wounded.
You constrict the worm. The worm bites you.
You tentacle-slap the worm. You squeeze the worm.
The worm is heavily wounded.
You constrict the worm.
You tentacle-slap the worm but do no damage.
The worm is heavily wounded.
You constrict the worm. The worm bites you!
Ouch! That really hurt!
You die...

*,* #.##......##.# *,*
#.##.......... *,* #.##..........
*,####* #.##...[#...## #,#...*
#..+....+...#
#.#...#####.##....#...#
*********#...............###...#
*,,,,,,,.............###.# #...#
*,,,,,,,.......w@....# #.# #...##
*,,,,,,,....#.[......###.###..<..
*,,,,,,,,,,,+........'...........
*,,,,,,*****#.(......###.###...##
*,,,,,,*#####........# #.###...##
*,,,,,,*#............# #.........
*,,,,,,*#............# ##........
*,,,,,,*#............# #.#...)...
********#......####### ##.#......


You could see a worm.

Vanquished Creatures
  5 bats
  A giant cockroach (D:2)
  4 goblins (D:1)
  A hobgoblin (D:1)
  4 kobolds
  3 rats
18 creatures vanquished.

Notes
Turn   | Place    | Note
--------------------------------------------------------------
     0 | D:1      | Kemay, the Octopode Transmuter, began the quest for the Orb.
     0 | D:1      | Reached XP level 1. HP: 13/13 MP: 3/3
   177 | D:1      | Reached XP level 2. HP: 18/18 MP: 2/4
  1164 | D:2      | Found a glowing golden altar of the Shining One.
  1276 | D:2      | Slain by a worm

Action                   || total
-------------------------++-------
Melee: Unarmed           ||    44
 Cast: Beastly Appendage ||     6
 Abil: End Transformatio ||     1
  Use: Scroll            ||     7
 Stab: Sleeping          ||     4
  Eat: Chunk             ||     1
